 Dungeon Crawl Stone Soup version 0.31.0-11-ge490571c62 (webtiles) character file.

Game seed: 6791721577240986833

152088 Skimidon the Warrior (level 17, -10/214 (222) HPs)
             Began as a Demonspawn Fighter on Jan 26, 2024.
             Was a High Priest of Trog.
             Mangled by a +2 executioner's axe of holy wrath (28 damage)
             ... on level 2 of the Elven Halls.
             The game lasted 00:49:02 (23901 turns).

Skimidon the Warrior (Demonspawn Fighter)          Turns: 23901, Time: 00:49:02

HP:   -10/214 (222) AC: 36    Str: 24    XL:     17   Next: 2%
MP:   17/17         EV:  4    Int:  9    God:    Trog [*****.]
Gold: 1763          SH: 14    Dex: 13    Spells: 16/16 levels left

rFire   + . .        V - +3 broad axe (flame)
rCold   + . .        E - +2 kite shield {rF+}
rNeg    . . .        u - +5 crystal plate armour
rPois   .            (helmet unavailable)
rElec   +            J - +0 cloak
rCorr   .            v - +0 pair of gloves
SInv    .            P - +2 pair of boots {rampage}
Will    ++++.        T - amulet of the Air {Inacc Air Fly rElec RMsl} Stlth
                     Q - ring of protection from cold
HPRegen 3.55/turn    A - ring of willpower
MPRegen 0.15/turn

%: inaccuracy (-5), repel missiles, rampage
@: berserking, strong-willed, flying, regenerating, studying 3 skills, lightly
drained, very quick
A: horns 3, powered by death 2, spiny 1, augmentation 2, sharp scales 3
a: Renounce Religion, Berserk, Trog's Hand, Brothers in Arms


You were on level 2 of the Elven Halls.
You worshipped Trog.
Trog was extremely pleased with you.
You visited 4 branches of the dungeon, and saw 24 of its levels.
You also visited: Sewer, Bailey and Ice Cave.

You collected 3329 gold pieces.
You spent 1566 gold pieces at shops.

Inventory:

Hand Weapons
 S - the +2 broad axe of Trog's Vengeance {flame, rC- rCorr SInv}
   (Trog gifted it to you on level 4 of the Lair of Beasts)

   rC-:       It makes you vulnerable to cold.
   SInv:      It lets you see invisible.
   rCorr:     It protects you from acid and corrosion.
 V - a +3 broad axe of flaming (weapon)
Missiles
 b - 3 throwing nets
 w - 3 silver javelins (quivered)
 K - 8 curare-tipped darts
Armour
 u - a +5 crystal plate armour (worn)
 v - a +0 pair of gloves (worn)
 E - a +2 kite shield of fire resistance (worn)
 J - a +0 cloak (worn)
 P - a +2 pair of boots of rampaging (worn)
Jewellery
 a - a ring of protection from fire
 A - a ring of willpower (right hand)
 O - a ring of protection from cold
 Q - a ring of protection from cold (left hand)
 T - the amulet of the Air (around neck) {Inacc Air Fly rElec RMsl}
   (You found it on level 5 of the Lair of Beasts)

   [amulet of nothing]

   Inacc:     It reduces the accuracy of your attacks and spells.
   Air:       It enhances your air magic.
   rElec:     It insulates you from electricity.
   Fly:       It grants you flight.
   RMsl:      It protects you from missiles.
 W - a +5 ring of evasion
Wands
 p - a wand of flame (17)
 x - a wand of charming (26)
 y - a wand of polymorph (19)
 F - a wand of mindburst (26)
 I - a wand of acid (11)
 M - a wand of digging (11)
Scrolls
 c - a scroll of fear
 h - 6 scrolls of poison
 k - 7 scrolls of teleportation
 m - 4 scrolls of amnesia
 n - 8 scrolls of noise
 o - a scroll of immolation
 z - a scroll of revelation
 D - 2 scrolls of vulnerability
 G - a scroll of fog
 L - 4 scrolls of identify
 N - a scroll of brand weapon
 R - 2 scrolls of blinking
 X - 2 scrolls of enchant weapon
Potions
 d - 3 potions of might
 e - a potion of berserk rage
 f - a potion of mutation
 g - 5 potions of lignification
 i - 6 potions of resistance
 j - 2 potions of cancellation
 l - 10 potions of heal wounds
 q - 3 potions of brilliance
 r - 4 potions of magic
 s - a potion of invisibility
 t - 2 potions of haste
 B - 2 potions of attraction
 C - 4 potions of ambrosia
 H - 10 potions of curing
 U - a potion of enlightenment


   Skills:
 + Level 17.6 Fighting
 * Level 16.8 Axes
 + Level 12.6 Throwing
 + Level 12.3 Armour
 + Level 12.1 Shields
 - Level 6.0 Evocations


You had 16 spell levels left.
You didn't know any spells.
Your spell library contained the following spells:

 Spells                   Type           Power      Damage    Failure   Level
 Sublimation of Blood     Necr           0%         N/A       100%        2
 Petrify                  Alch/Erth      0%         N/A       100%        4
 Irradiate                Conj/Alch      0%         3d11      100%        5


Dungeon Overview and Level Annotations

Branches:
Dungeon (15/15)            Temple (0/1) D:7            Lair (5/5) D:8
  Swamp (0/4) Lair:2       Spider (0/4) Lair:3        Slime (0/5) Lair:5
    Orc (2/2) D:12            Elf (2/3) Orc:2        Vaults (0/5) D:13
 Depths (0/4) D:15          Sewer (visited)          Bailey (visited)
  IceCv (visited)

Altars:
Cheibriados
Dithmenos
Kikubaaqudgha
Nemelex Xobeh
Okawaru
Qazlal
Sif Muna
Trog
Uskayaw
Vehumet
Wu Jian

Shops:
D:5 [   D:14 *   Orc:2 [*:(   Elf:1 :   Elf:2 :*


Innate Abilities, Weirdness & Mutations

You have a pair of large horns on your head.
You regenerate health from kills.
You are partially covered in sharp spines.
Your magical and physical power is enhanced at high health.
You are completely covered in razor-sharp scales. (AC +3, Slay +3)


Message History

The +2 war axe of flaming falls from the air.
Trog accepts your kill.
You slash the +3 short sword of draining!
You miss the +2 executioner's axe of holy wrath.
You block the +3 short sword of draining's attack. x2
The +2 executioner's axe of holy wrath hits you!
You convulse!!
You have reached level 17!
Your demonic ancestry asserts itself...
You feel power rushing into your body.
Okay, then.
The +3 short sword of draining attacks as it pursues you!
You block the +3 short sword of draining's attack.
The +3 short sword of draining hits you but does no damage.
You feel drained.
The +2 executioner's axe of holy wrath attacks as it pursues you!
The +2 executioner's axe of holy wrath hits you.
You convulse.
The +3 short sword of draining attacks as it pursues you!
You block the +3 short sword of draining's attack.
The +3 short sword of draining hits you but does no damage.
You feel drained.
The +3 short sword of draining attacks as it pursues you!
The +3 short sword of draining hits you.
You feel drained.
The +3 short sword of draining is struck by your spines.
The +3 short sword of draining falls from the air.
Trog accepts your kill.
Your skin crawls.
You feel strong-willed.
The +2 executioner's axe of holy wrath hits you!!
* * * LOW HITPOINT WARNING * * *
You convulse!!
* * * LOW HITPOINT WARNING * * *
Okay, then.
A red film seems to cover your vision as you go berserk!
You feel yourself moving faster!
You feel mighty!
The +2 executioner's axe of holy wrath is struck by your spines.
The +2 executioner's axe of holy wrath hits you!!
You die...

# ## ### ##### #### #.
##.####.####...## ##...
...##...##...##.....###....
........e(@.....)..........
...........#...............
......)...###..........))..
......)).## ##.............
..........# #.........)..).
...........#...............
...........................
...........................
...........................


You could see a deep elf knight and a +2 executioner's axe of holy wrath.

Vanquished Creatures
  Saint Roka (Elf:2)
  Gastronok (Lair:2)
  A deep elf elementalist (Elf:1)
  A reaper (IceCv)
  2 deep elf demonologists (Elf:2)
  2 deep elf death magi (Elf:1)
  The ghost of zaque the Destroyer, a journeyman DrCj of Vehumet (Lair:2)
  2 quicksilver dragon zombies (D:15)
  A deep elf high priest (Elf:1)
  4 vault guards (D:13)
  9 hydras
  13 two-headed ogres
  2 ogre magi (Orc:2)
  6 boulder beetles
  3 catoblepae
  A deep troll shaman (Lair:5)
  20 dancing weapons
  8 centaur warriors
  A vampire mage (D:15)
  Erica (D:8)
  3 death yaks (Lair:5)
  2 orc high priests
  12 deep elf knights
  6 skeletal warriors
  2 skysharks (Lair:5)
  Lodul (D:12)
  2 deep trolls (Orc:2)
  An orb spider (Lair:3)
  4 arcanists
  4 deep elf archers
  A lindwurm (Lair:5)
  A necromancer (D:15)
  An orc knight (D:14)
  2 bog bodies (Lair:2)
  31 deep elf pyromancers
  13 deep elf zephyrmancers
  14 ugly things
  24 elephants
  4 cyclopes
  An orc sorcerer (Elf:2)
  5 black mambas
  2 kobold blastminers (Orc:1)
  2 ice statues (IceCv)
  A torpor snail (Lair:2)
  A kobold demonologist (D:13)
  9 cane toads
  An unseen horror (D:11)
  A gargoyle (D:13)
  4 komodo dragons
  2 rime drakes
  Maggie (D:6)
  2 yaktaurs (D:13)
  The ghost of Skimidon the Trooper, an amateur TrBe of Trog (D:4)
  7 ice devils (IceCv)
  A queen bee (Lair:2)
  18 trolls
  3 polar bears (Lair:5)
  A hornet (D:9)
  8 blink frogs
  12 slime creatures
  3 vampires
  Sigmund (D:3)
  3 air elementals
  A spriggan (shapeshifter) (D:14)
  A dire elephant simulacrum (IceCv)
  3 water elementals
  2 wyverns
  3 basilisks
  A wraith (D:11)
  2 fire elementals (Elf:1)
  21 yaks
  A death yak simulacrum (IceCv)
  8 redbacks (D:14)
  3 steam dragons
  3 wargs
  2 harpy simulacra (IceCv)
  12 vampire mosquitoes
  2 acid dragons
  A hydra simulacrum (IceCv)
  20 water moccasins
  33 orc warriors
  6 black bears
  A sky beast (D:7)
  An ice beast (D:6)
  29 ogres
  A laughing skull (D:13)
  8 wolves
  10 centaurs
  2 phantoms
  8 kobold brigands
  10 bullfrogs
  3 two-headed ogre simulacra (IceCv)
  2 gnoll sergeants
  2 earth elementals (Elf:1)
  15 wights
  3 elephant simulacra (IceCv)
  30 killer bees
  2 electric eels
  2 howler monkeys
  4 jellies (Lair:5)
  A bombardier beetle (D:5)
  18 orc priests
  A gnoll bouda (D:4)
  5 hounds
  A sleepcap (D:5)
  Ijyb (D:4)
  Terence (D:3)
  7 hell rats (Lair:5)
  5 iguanas
  25 orc wizards
  A polar bear simulacrum (IceCv)
  2 spriggan simulacra (IceCv)
  2 troll simulacra (IceCv)
  9 gnolls
  2 naga simulacra (IceCv)
  16 adders
  4 river rats
  2 shadow imps (D:7)
  2 white imps (IceCv)
  4 ufetubi
  4 dart slugs
  3 ribbon worms
  74 orcs
  10 ball pythons
  5 bats
  14 endoplasms
  4 giant cockroaches
  9 hobgoblins
  3 jackals (D:4)
  2 quokkas
  A frilled lizard (D:3)
  6 goblins
  23 kobolds
  10 rats
833 creatures vanquished.

Vanquished Creatures (collateral kills)
  A death knight (D:13)
  A deep elf pyromancer (D:13)
  A manticore (D:13)
3 creatures vanquished.

Vanquished Creatures (others)
  An orc wizard (D:10)
1 creature vanquished.

Grand Total: 837 creatures vanquished

Notes
Turn   | Place    | Note
-------+----------+-------------------------------------------
     0 | D:1      | Skimidon the Demonspawn Fighter began the quest for the
                  | Orb.
     0 | D:1      | Reached XP level 1. HP: 18/18 MP: 1/1
   122 | D:1      | Gained mutation: You regenerate a little health from kills.
                  | [demonic ancestry]
   122 | D:1      | Reached XP level 2. HP: 18/24 MP: 2/2
   646 | D:2      | Gained mutation: You are partially covered in razor-sharp
                  | scales. (AC +1, Slay +1) [demonic ancestry]
   646 | D:2      | Reached XP level 3. HP: 29/29 MP: 3/3
   957 | D:2      | Reached XP level 4. HP: 36/37 MP: 4/4
  1271 | D:3      | Noticed Sigmund
  1280 | D:3      | Killed Sigmund
  1281 | D:3      | Reached skill level 4 in Fighting
  1281 | D:3      | Gained mutation: You have a pair of small horns on your
                  | head. [demonic ancestry]
  1281 | D:3      | Reached XP level 5. HP: 26/43 MP: 5/5
  1334 | D:3      | Found a bloodstained altar of Trog.
  1371 | D:3      | Became a worshipper of Trog the Wrathful
  1394 | D:3      | Reached XP level 6. HP: 33/49 MP: 6/6
  1660 | D:3      | Found an iron altar of Okawaru.
  1725 | D:3      | Noticed Terence
  1733 | D:3      | Killed Terence
  2083 | D:4      | Identified the +5 ring mail of the Chupacabra {rN+ Int+5
                  | Dex+4}
  2083 | D:4      | Identified the +0 kite shield "Ahauh" {Dex+3}
  2112 | D:4      | Reached skill level 5 in Fighting
  2120 | D:4      | Found an ornate altar of the Wu Jian Council.
  2132 | D:4      | Reached * piety under Trog
  2186 | D:4      | Found an ancient bone altar of Kikubaaqudgha.
  2193 | D:4      | Noticed Ijyb
  2201 | D:4      | Killed Ijyb
  2345 | D:4      | Found a transporter.
  2355 | D:4      | Identified the +9 mace of Linearity {freeze, Int+3 Dex+3
                  | Stlth+}
  2358 | D:4      | Found a transporter.
  2358 | D:4      | Noticed Skimidon's ghost (amateur TrBe)
  2647 | D:5      | Entered Level 5 of the Dungeon
  2820 | D:5      | Found a glowing drain.
  2824 | Sewer    | Entered a sewer
  2867 | Sewer    | Gained mutation: You have a pair of horns on your head.
                  | [demonic ancestry]
  2867 | Sewer    | Reached XP level 7. HP: 56/56 MP: 7/7
  3077 | Sewer    | Reached ** piety under Trog
  3360 | Sewer    | Reached skill level 6 in Fighting
  3360 | Sewer    | Reached skill level 5 in Axes
  3452 | D:5      | Gained mutation: You regenerate health from kills. [demonic
                  | ancestry]
  3452 | D:5      | Reached XP level 8. HP: 17/64 MP: 8/8
  3666 | D:5      | Found Ibeozus's Armour Shop.
  3852 | D:5      | Found a shadowy altar of Dithmenos.
  4211 | D:5      | Found a hide-covered altar of Uskayaw.
  4691 | D:6      | Noticed Maggie
  4704 | D:6      | Killed Maggie
  4705 | D:6      | Reached skill level 7 in Fighting
  4705 | D:6      | Reached skill level 1 in Throwing
  4819 | D:6      | Identified the +1 cloak "Giewote" {Str+3 Dex+3 Slay-6}
  4825 | D:6      | Reached skill level 5 in Armour
  4840 | D:6      | Gained mutation: You are partially covered in sharp spines.
                  | [demonic ancestry]
  4840 | D:6      | Reached XP level 9. HP: 72/72 MP: 9/9
  5260 | D:7      | Reached skill level 5 in Shields
  5501 | D:7      | Found a stormy altar of Qazlal.
  5719 | D:7      | Found a staircase to the Ecumenical Temple.
  5805 | D:7      | Reached *** piety under Trog
  5807 | D:7      | Reached skill level 8 in Fighting
  6371 | D:8      | Noticed Erica
  6384 | D:8      | Killed Erica
  6532 | D:8      | Reached XP level 10. HP: 75/82 MP: 10/10
  6541 | D:8      | Found a staircase to the Lair.
  6709 | D:8      | Reached skill level 9 in Fighting
  6721 | D:8      | Reached skill level 5 in Throwing
  7399 | D:9      | Found a radiant altar of Vehumet.
  7942 | D:9      | Reached skill level 10 in Fighting
  7942 | D:9      | Gained mutation: You are mostly covered in razor-sharp
                  | scales. (AC +2, Slay +2) [demonic ancestry]
  7942 | D:9      | Reached XP level 11. HP: 74/90 MP: 11/11
  8154 | D:10     | Entered Level 10 of the Dungeon
  8154 | D:10     | Found a snail-covered altar of Cheibriados.
  8214 | D:10     | Found a flagged portal.
  8332 | Bailey   | Entered a bailey
  8590 | Bailey   | Reached **** piety under Trog
  8684 | D:10     | Noticed a two-headed ogre
  8692 | D:10     | Killed a two-headed ogre
  8694 | D:10     | Identified a scroll of acquirement
  8694 | D:10     | Acquired a manual of Fighting
  8872 | D:10     | Found a sparkling altar of Nemelex Xobeh.
  9211 | D:11     | Found a frozen archway.
  9213 | D:11     | Identified the +1 scale mail of the Stained God {Rampage
                  | rCorr}
  9296 | D:11     | Noticed a boulder beetle
  9313 | D:11     | Killed a boulder beetle
  9338 | D:11     | You fall into a shaft and drop 2 floors!
  9340 | D:13     | Noticed a centaur warrior
  9345 | D:13     | Killed a centaur warrior
  9349 | D:13     | Noticed an arcanist
  9361 | D:13     | Killed an arcanist
  9365 | D:13     | Reached skill level 11 in Fighting
  9542 | IceCv    | Entered an ice cave
  9592 | IceCv    | Reached skill level 10 in Axes
  9962 | IceCv    | Gained mutation: You are completely covered in razor-sharp
                  | scales. (AC +3, Slay +3) [demonic ancestry]
  9962 | IceCv    | Reached XP level 12. HP: 79/100 MP: 12/12
 10038 | IceCv    | Noticed a reaper
 10054 | IceCv    | Killed a reaper
 10492 | D:11     | Noticed a two-headed ogre
 10498 | D:11     | Killed a two-headed ogre
 10596 | D:11     | Reached skill level 12 in Fighting
 10926 | D:5      | Bought a +2 pair of boots of rampaging for 301 gold pieces
 11104 | D:13     | Noticed a two-headed ogre
 11111 | D:13     | Killed a two-headed ogre
 11142 | D:13     | Noticed a centaur warrior
 11142 | D:13     | Noticed a two-headed ogre
 11159 | D:13     | Killed a two-headed ogre
 11170 | D:13     | Killed a centaur warrior
 11212 | D:13     | Noticed a centaur warrior
 11214 | D:13     | Killed a centaur warrior
 11239 | D:13     | Noticed a boulder beetle
 11257 | D:13     | Killed a boulder beetle
 11268 | D:13     | Noticed a centaur warrior
 11277 | D:13     | Killed a centaur warrior
 11311 | D:13     | Noticed a four-headed hydra
 11313 | D:13     | Noticed an eight-headed hydra
 11313 | D:13     | Noticed a centaur warrior
 11508 | D:13     | Reached skill level 13 in Fighting
 11516 | D:13     | Identified the +0 leather armour of the Desert {rF+ rN+
                  | Dex+2 Stlth+}
 11534 | D:13     | Noticed a death knight
 11550 | D:13     | Killed a death knight
 11555 | D:13     | Killed a centaur warrior
 11570 | D:13     | Killed a 14-headed hydra
 11571 | D:13     | Reached XP level 13. HP: 104/111 MP: 13/13
 11762 | D:13     | Found a gate to the Vaults.
 12049 | D:13     | Reached skill level 14 in Fighting
 12168 | Lair:1   | Entered Level 1 of the Lair of Beasts
 13095 | Lair:2   | Found a runed translucent gate.
 13096 | Lair:2   | Found a runed translucent gate.
 13097 | Lair:2   | Found a runed translucent gate.
 13098 | Lair:2   | Noticed zaque's ghost (journeyman DrCj)
 13147 | Lair:2   | Reached skill level 1 in Evocations
 13267 | Lair:2   | Found a staircase to the Swamp.
 13731 | Lair:2   | Noticed Gastronok
 13745 | Lair:2   | Killed Gastronok
 13833 | Lair:2   | Reached ***** piety under Trog
 14032 | Lair:2   | Gained mutation: Your magical and physical power is
                  | slightly enhanced at high health. [demonic ancestry]
 14032 | Lair:2   | Reached XP level 14. HP: 120/121 MP: 14/14
 14531 | Lair:3   | Reached skill level 10 in Armour
 14629 | Lair:3   | Found a hole to the Spider Nest.
 15098 | Lair:4   | Reached skill level 15 in Fighting
 15331 | Lair:4   | Identified the +2 broad axe of Trog's Vengeance {flame, rC-
                  | rCorr SInv} (Trog gifted it to you on level 4 of the Lair
                  | of Beasts)
 15331 | Lair:4   | Received a gift from Trog
 15394 | Lair:4   | You fall into a shaft and drop 1 floor!
 15394 | Lair:5   | Entered Level 5 of the Lair of Beasts
 15401 | Lair:5   | Reached skill level 10 in Shields
 16663 | Lair:5   | Found a staircase to the Slime Pits.
 16776 | Lair:5   | Found the amulet of the Air {Inacc Air Fly rElec RMsl}
 17485 | D:12     | Noticed Lodul
 17488 | D:12     | Found a stormy altar of Qazlal.
 17492 | D:12     | Killed Lodul
 17536 | D:12     | Found a staircase to the Orcish Mines.
 17736 | D:12     | Reached skill level 5 in Evocations
 18138 | D:4      | Killed Skimidon's ghost
 18445 | Lair:2   | Received a gift from Trog
 18461 | Lair:2   | Killed zaque's ghost
 18462 | Lair:2   | Gained mutation: You have a pair of large horns on your
                  | head. [demonic ancestry]
 18462 | Lair:2   | Reached XP level 15. HP: 130/130 MP: 15/15
 18646 | Orc:1    | Entered Level 1 of the Orcish Mines
 18668 | Orc:1    | Reached skill level 16 in Fighting
 18899 | Orc:2    | Entered Level 2 of the Orcish Mines
 19009 | Orc:2    | Found Tuzouc's General Store.
 19022 | Orc:2    | Reached skill level 10 in Throwing
 19030 | Orc:2    | Found Pumafuv's Armour Shop.
 19033 | Orc:2    | Found Lisicwes's Weapon Shop.
 19033 | Orc:2    | Found Sunwaxiq's Book Shoppe.
 19042 | Orc:2    | Received a gift from Trog
 19264 | Orc:2    | Reached ****** piety under Trog
 19331 | Orc:2    | Found a staircase to the Elven Halls.
 19931 | D:14     | Reached skill level 15 in Axes
 20010 | D:14     | Found Oraymes's General Store.
 20035 | D:14     | Bought a potion of heal wounds for 85 gold pieces
 20035 | D:14     | Bought a potion of might for 68 gold pieces
 20642 | D:15     | Entered Level 15 of the Dungeon
 20642 | D:15     | Found a staircase to the Depths.
 20647 | D:15     | Received a gift from Trog
 21105 | D:15     | Found a shimmering blue altar of Sif Muna.
 21687 | Orc:2    | Bought a manual of Throwing for 1040 gold pieces
 21711 | Elf:1    | Entered Level 1 of the Elven Halls
 21725 | Elf:1    | Reached skill level 17 in Fighting
 21725 | Elf:1    | Reached XP level 16. HP: 129/141 MP: 16/16
 21938 | Elf:1    | Found Rehysakh's Book Shop.
 22451 | Elf:1    | Paralysed by an air elemental for 1 turns
 22812 | Elf:1    | Paralysed by an air elemental for 1 turns
 22875 | Elf:2    | Found Lohynie's General Store.
 22959 | Elf:2    | Bought a scroll of fog for 72 gold pieces
 23042 | Elf:2    | Found a runed translucent gate.
 23042 | Elf:2    | Found a runed translucent gate.
 23042 | Elf:2    | Found a runed translucent gate.
 23086 | Elf:2    | Noticed a Tzitzimitl
 23433 | Elf:2    | Paralysed by an air elemental for 1 turns
 23454 | Elf:2    | Found Qegifuum's One-of-a-Kind Books.
 23459 | Elf:2    | Received a gift from Trog
 23659 | Elf:2    | Noticed Saint Roka
 23693 | Elf:2    | Killed Saint Roka
 23864 | Elf:2    | Received a gift from Trog
 23897 | Elf:2    | Gained mutation: Your magical and physical power is
                  | enhanced at high health. [demonic ancestry]
 23897 | Elf:2    | Reached XP level 17. HP: 47/146 MP: 17/17
 23901 | Elf:2    | Mangled by a +2 executioner's axe of holy wrath

Illustrated notes

Levels and vault maps discovered:
D:1:      minmay_arrival_radiant_lines, layout_loops_cross
D:2:      layout_loops_cross, moated_statue, nicolae_half_adder
D:3:      layout_rooms, good_gods_temple_1, mainiacjoe_overflow_catch_the_wave,
          minivault_11, minivault_5, minmay_quadrilaterals, uniq_sigmund,
          uniq_terence
D:4:      layout_loops_cross, lemuel_doored_altar,
          nicolae_wu_jian_immortal_techniques, gammafunk_ghost_gnarly_gnolls,
          uniq_ijyb
D:5:      layout_loops_corners, nicolae_overflow_hidden_temple,
          mainiacjoe_overflow_alcove_1, serial_shops, shop,
          mainiacjoe_sewer_entry_somewhere_in_here_2, minivault_19
D:6:      layout_cave_pools, serial_rivers, chequers_serial_rivers_large_a,
          chequers_serial_rivers_micro_a, chequers_serial_rivers_small_a,
          chequers_serial_rivers_small_b, amethyst_killhole,
          nicolae_zen_rock_garden, corexii_checkpoint, uniq_maggie
D:7:      layout_basic, nicolae_qazlal_beasts_of_the_sky,
          minmay_temple_entry_tees, nicolae_water_bricks, hex_large,
          minmay_manual_monstrance
D:8:      layout_loops_corners, erik_lair_orcish_takeover,
          minmay_fractal_squares_5, uniq_erica
D:9:      layout_basic, nicolae_vehumet_altar_sigil, nicolae_tricolors
D:10:     layout_loops_ring, lemuel_tele_altar, kennysheep_slug_shrine,
          enter_bailey_5, minmay_statues_item
D:11:     layout_long_grid, portal_ice_cave_entry_pillars_1, serial_glass,
          glass_columns_b, glass_columns_a, minmay_strange_pillars,
          minmay_strange_pillars, minmay_strange_pillars
D:12:     layout_roguey, minmay_orc_entry_temple_small, grunt_qazlal_sundering,
          uniq_lodul
D:13:     minmay_the_grid_3x2 [minmay_the_grid_spin_star,
          minmay_the_grid_minigrid_large, minmay_the_grid_expand,
          minmay_the_grid_fan, minmay_the_grid_minigrid_small,
          minmay_the_grid_prize_big_room], layout_rooms,
          lightli_vaults_fourway_checkpoint, dreamdust_princess_corridor,
          chequers_serial_rivers_micro_e
D:14:     layout_cave_pools, serial_shops, shop, nicolae_hexahallways,
          drop_trap, hangedman_decor_points, kennysheep_generic_room_15
D:15:     gammafunk_depths_entry_grave, layout_basic,
          nicolae_sif_muna_condensation
Lair:1:   layout_cave_pods
Lair:2:   layout_roguey [special_room_bee], skrybe_swamp_entry_bodies,
          gammafunk_ghost_hydra_chop, serial_bayou_shore_b, uniq_gastronok
Lair:3:   layout_regular_city, nicolae_spider_entry_orb_guardian
Lair:4:   layout_hall_layers, nzn_sisyphean_effort, infiniplex_staircase_pool
Lair:5:   grunt_lair_end_beastmaster, layout_small_grid, slime_entry_2,
          nicolae_quartered_pool_super, minivault_19, lemuel_fruit_fields
Orc:1:    layout_caves, serial_shops
Orc:2:    st_orc_open, layout_caves
Elf:1:    nicolae_elf_arrival_fired_up, layout_geoelf_grid, serial_shops, shop,
          hangedman_corner_corridor
Elf:2:    elven_hall_of_blades_hangedman_original [mumra_blade_entry_dagger],
          layout_geoelf_diagonals, serial_shops, shop, dreamdust_wishing_well,
          nicolae_rare_books, uniq_saint_roka

Skill      XL: |  1  2  3  4  5  6  7  8  9 10 11 12 13 14 15 16 |
---------------+-------------------------------------------------+-----
Axes           | 2 3 4 5 6 7 8 10 12 13 14 15 16 | 16.8
Armour         | 3 4 5 6 7 8 9 10 11 12 | 12.3
Shields        | 3 4 5 6 7 8 9 10 11 12 | 12.1
Fighting       | 4 5 6 7 8 10 11 13 14 15 17 | 17.6
Throwing       | 1 4 6 8 9 10 12 | 12.6
Evocations     | 2 5 6 |  6.0

Action                     |  1- 3 |  4- 6 |  7- 9 | 10-12 | 13-15 | 16-18 || total
---------------------------+-------+-------+-------+-------+-------+-------++-------
  Melee: War axe           |    99 |   159 |   265 |   533 |   400 |       ||  1456
         Headbutt          |       |    25 |    36 |   132 |   275 |    76 ||   544
         Broad axe         |       |       |       |       |   646 |   440 ||  1086
  Throw: Dart              |       |     2 |    19 |    26 |       |       ||    47
         Javelin           |       |       |    10 |       |    11 |     3 ||    24
         Throwing net      |       |       |       |     1 |       |       ||     1
 Invoke: Berserk           |       |       |     5 |     8 |     2 |     4 ||    19
         Trog's Hand       |       |       |     3 |     9 |     1 |    10 ||    23
         Brothers in Arms  |       |       |       |     2 |       |       ||     2
  Evoke: Wand              |       |       |       |     3 |     8 |     4 ||    15
    Use: Scroll            |       |     3 |       |    20 |     6 |     7 ||    36
         Potion            |       |       |     1 |       |     3 |     1 ||     5
   Stab: Petrified         |       |       |       |       |     2 |       ||     2
 Armour: Scale mail        |    94 |   134 |   123 |       |       |       ||   351
         Plate armour      |       |       |   115 |   226 |       |       ||   341
         Crystal plate arm |       |       |       |   337 |  1067 |   398 ||  1802
  Dodge: Dodged            |    49 |    59 |   105 |    72 |   111 |    36 ||   432
         Repelled          |       |       |       |       |     1 |     2 ||     3
  Block: Buckler           |    33 |    34 |    68 |    70 |       |       ||   205
         Kite shield       |       |       |       |   327 |   980 |   207 ||  1514
         Reflection        |       |       |       |    23 |     5 |       ||    28
